[Event "Team 45 45 League T25"]
[Site "Internet Chess Club"]
[Date "2005.01.03"]
[Round "3"]
[White "thetexan"]
[Black "jmc860"]
[Result "1/2-1/2"]
[WhiteElo "1645"]
[BlackElo "1504"]
[TimeControl "2700+45"]

1. d4 e6 2. c4 Nf6 3. Nc3 Bb4 4. Bg5 c5 5. e3 Qa5 6. Ne2 Ne4 7. Bf4 Nxc3 8. Nxc3
Bxc3+ 9. bxc3 Qxc3+ 10. Ke2 Qxc4+ 11. Ke1 Qb4+ 12. Qd2 Qxd2+ 13. Kxd2 cxd4 14.
exd4 b6 15. Bc4 Ba6 16. Bb3 Nc6 17. Ke3 O-O 18. Rhd1 Nb4 19. d5 Nxd5+ 20. Bxd5
exd5 21. Rxd5 Rfe8+ 22. Kd4 Bc8 23. Kd3 a6 24. a4 Bb7 25. Rd6 Bxg2 26. Rxb6 h6
27. a5 Bc6 28. h4 Bb5+ 29. Kd4 Rac8 30. Bg3 Rc6 31. Ra3 Rc4+ 32. Kd5 Rec8 33.
Rb8 Rxb8 34. Bxb8 Rxh4 35. Rg3 Rh5+ 36. Kd4 Bc6 37. Be5 f6 38. Bxf6 Rxa5 39.
Bxg7 Kh7 40. Be5 Rd5+ 41. Ke4 Rd2+ 42. Ke3 Ra2 43. Rg7+ Kh8 44. Rxd7+ Kg8 45.
Rg7+ Kf8 46. Rg6 Ra3+ 47. Kd4 Ra4+ 48. Kc5 Bb5 49. Rxh6 Kf7 50. f4 Bd3 51. Kd6
Bg6 52. f5 Rg4 53. fxg6+ {Game drawn by mutual agreement} 1/2-1/2

[Event "Team 45 45 League T25"]
[Site "Internet Chess Club"]
[Date "2005.01.03"]
[Round "3"]
[White "Frankenstein"]
[Black "softbunney"]
[Result "1/2-1/2"]
[WhiteElo "2259"]
[BlackElo "2233"]
[TimeControl "2700+45"]

1. e4 c5 2. c3 Nf6 3. e5 Nd5 4. d4 cxd4 5. Qxd4 e6 6. Nf3 Nc6 7. Qe4 d6 8. Bb5
Bd7 9. c4 Nb6 10. Nc3 dxe5 11. Nxe5 Nxe5 12. Qxe5 Rc8 13. Be3 Nxc4 14. Bxc4 Rxc4
15. Bxa7 Qc7 16. Qxc7 Rxc7 17. Rd1 Bb4 18. Bd4 f6 19. a3 Be7 20. O-O e5 21. Nd5
Rc4 22. Nxe7 Kxe7 23. Bc3 Rhc8 24. Rd2 Ba4 25. Re1 Rd8 26. Rxd8 Kxd8 27. f3 Kd7
28. Kf2 Ke6 29. Re2 Bc6 30. g3 g6 31. Ke3 Rc5 32. Rd2 Rd5 33. Rxd5 Bxd5 34. Bb4
f5 35. f4 Bb3 36. Bc3 {Game drawn by mutual agreement} 1/2-1/2

[Event "Team 45 45 League T25"]
[Site "Internet Chess Club"]
[Date "2005.01.02"]
[Round "3"]
[White "Zornorph"]
[Black "matman"]
[Result "0-1"]
[WhiteElo "1961"]
[BlackElo "2063"]
[TimeControl "2700+45"]

1. c4 c6 2. e4 d5 3. exd5 cxd5 4. d4 dxc4 5. Bxc4 Qc7 6. Qb3 e6 7. Nf3 Nf6 8.
Nc3 a6 9. d5 b5 10. Be2 b4 11. dxe6 Bxe6 12. Qa4+ Bd7 13. Nb5 Qb7 14. O-O axb5
15. Qc2 Be7 16. Ne5 Qc8 17. Qxc8+ Bxc8 18. Bxb5+ Nfd7 19. Re1 Ra5 20. Bxd7+ Bxd7
21. Bf4 Be6 22. Nc4 Bxc4 23. Bxb8 Be6 24. Bc7 Ra7 25. Bb6 Ra6 26. Bd4 O-O 27. f4
Rd8 28. Be5 f6 29. Bc7 Bc5+ 30. Kh1 Rc8 31. f5 Bxf5 32. Bf4 Bd4 33. Re2 Rca8 34.
a3 bxa3 35. Rxa3 Rxa3 36. bxa3 Rxa3 37. Re8+ Kf7 38. Rf8+ Ke7 {White resigns}
0-1

[Event "Team 45 45 League T25"]
[Site "Internet Chess Club"]
[Date "2005.01.01"]
[Round "3"]
[White "NinthRank"]
[Black "Knight77"]
[Result "0-1"]
[WhiteElo "1800"]
[BlackElo "1895"]
[TimeControl "2700+45"]

1. e4 c5 2. Nf3 d6 3. d4 cxd4 4. Nxd4 Nf6 5. Nc3 g6 6. Be2 Bg7 7. Be3 O-O 8. Qd2
a6 9. a4 Qc7 10. O-O Nbd7 11. a5 b5 12. axb6 Nxb6 13. Ra3 Bb7 14. f3 Rfc8 15.
Rfa1 Nc4 16. Bxc4 Qxc4 17. Ra4 Qc7 18. Nb3 Nd7 19. Bd4 Nb6 20. Bxb6 Qxb6+ 21.
Kh1 Qc7 22. Nd4 Qb6 23. Nb3 Qc7 24. Nd4 Qc5 25. Nb3 Bxc3 26. Nxc5 Bxd2 27. Nxb7
Rxc2 28. b4 Rb8 29. Na5 Rxb4 30. Rxb4 Bxb4 31. h3 Bc3 {White resigns} 0-1

[Event "Team 45 45 League T25"]
[Site "Internet Chess Club"]
[Date "2005.01.02"]
[Round "3"]
[White "ReelBigFish"]
[Black "WillyPete"]
[Result "1/2-1/2"]
[WhiteElo "1820"]
[BlackElo "1782"]
[TimeControl "2700+45"]

1. f4 d5 2. Nf3 Nc6 3. g3 Bf5 4. Bg2 e6 5. O-O Bc5+ 6. Kh1 h6 7. d3 Qd7 8. Qe1
Nf6 9. Nc3 Bb4 10. Bd2 O-O-O 11. e4 dxe4 12. Nxe4 Bxe4 13. Bxb4 Bxf3 14. Bxf3
Nd4 15. Qf2 Nxf3 16. Qxf3 Nd5 17. Bd2 Qc6 18. Rac1 Rhe8 19. c4 Ne7 20. Qxc6 Nxc6
21. Bc3 Nd4 22. Bxd4 Rxd4 23. Rc3 Red8 24. Rf3 c5 25. Kg2 b6 26. Kf2 R8d6 27.
Re3 f6 28. a3 a5 29. Ke2 Kc7 30. Re4 Rxe4+ 31. dxe4 Rd4 32. Ke3 Kc6 33. b3 b5
34. cxb5+ Kxb5 35. Rd3 e5 36. Rxd4 cxd4+ 37. Kd3 Kc5 38. f5 Kb5 39. Kd2 Kc5 40.
Kd3 Kb5 41. Kd2 a4 42. b4 Kc4 43. Kc2 d3+ 44. Kd2 Kd4 45. b5 Kc5 46. Kxd3 Kxb5
47. Kc3 Kc5 48. Kd3 Kb5 49. Kc3 Kc5 {Game drawn by mutual agreement} 1/2-1/2

[Event "Team 45 45 League T25"]
[Site "Internet Chess Club"]
[Date "2005.01.04"]
[Round "3"]
[White "trikmamak"]
[Black "DeLaSalle"]
[Result "1/2-1/2"]
[WhiteElo "2233"]
[BlackElo "2060"]
[TimeControl "2700+45"]

1. g3 d5 2. Bg2 e5 3. d3 Nc6 4. Nf3 Be6 5. c3 Qd7 6. Ng5 Bf5 7. Qb3 O-O-O 8. Qa4
f6 9. Nf3 Kb8 10. Be3 Nd4 11. Qxd7 Nxf3+ 12. Bxf3 Rxd7 {Game drawn by mutual
agreement} 1/2-1/2

[Event "Team 45 45 League T25"]
[Site "Internet Chess Club"]
[Date "2005.01.03"]
[Round "3"]
[White "SpanishFly"]
[Black "zota"]
[Result "0-1"]
[WhiteElo "1977"]
[BlackElo "1825"]
[TimeControl "2700+45"]

1. e4 c5 2. Nf3 d6 3. d4 cxd4 4. Nxd4 Nf6 5. Nc3 a6 6. Bc4 e6 7. Bb3 Be7 8. f4
O-O 9. O-O Nc6 10. a3 Qc7 11. Be3 Na5 12. Ba2 b5 13. Rb1 Nc4 14. Bf2 Bb7 15. Qe2
Rac8 16. Rfe1 d5 17. exd5 Nxd5 18. Nxd5 Bxd5 19. b3 Nxa3 20. Rbc1 Qxf4 21. c4
bxc4 22. bxc4 Bf6 23. Red1 Be5 24. Nf3 Bxf3 25. Qxf3 Qxh2+ 26. Kf1 Bb2 27. Bg3
Qh6 28. Bf4 Qf6 29. Ke2 Bxc1 30. Bxc1 Qxf3+ 31. gxf3 Nxc4 {White resigns} 0-1

[Event "Team 45 45 League T25"]
[Site "Internet Chess Club"]
[Date "2004.12.30"]
[Round "3"]
[White "JSC"]
[Black "DeepGlue"]
[Result "1/2-1/2"]
[WhiteElo "1890"]
[BlackElo "2004"]
[TimeControl "2700+45"]

1. e4 e6 2. d4 d5 3. Nc3 Nf6 4. e5 Nfd7 5. f4 c5 6. Nf3 Nc6 7. Be3 a6 8. Ng5 b5
9. a4 b4 10. Ne2 cxd4 11. Nxd4 Nxd4 12. Bxd4 a5 13. Qg4 Nc5 14. Bb5+ Bd7 15. Qe2
Bxb5 16. Qxb5+ Qd7 17. Qb6 Nb7 18. O-O Be7 19. Nf3 O-O 20. Be3 Rfc8 21. Rf2 Nc5
22. Qb5 Qxb5 23. axb5 Ne4 24. Re2 Bc5 25. Bxc5 Rxc5 26. Nd4 Kf8 27. g3 Ke8 28.
f5 exf5 29. Nxf5 g6 30. Nd4 Kd7 31. Rf1 Rf8 32. b6 Kc8 33. Ne6 fxe6 34. Rxf8+
Kb7 35. Rf7+ Kxb6 36. Rxh7 a4 37. Rh8 Kb5 38. Rb8+ Kc4 39. Ra8 a3 40. bxa3 bxa3
41. Rxa3 Kd4 42. h4 Kxe5 43. Rf3 Kd4 44. g4 Rc7 45. h5 gxh5 46. gxh5 Rh7 47. Rh2
Rh6 48. Rf4 Ke5 49. Rf3 Nf6 50. Rfh3 Kf5 51. Kf1 Kg4 52. Re3 Nxh5 53. Kg1 Kf4
54. Kf2 Kf5 55. Reh3 Kg4 56. Ke3 e5 57. Rh1 Kg5 58. Rf3 d4+ 59. Ke4 Nf6+ 60.
Rxf6 Rxf6 61. Kxe5 Rf5+ 62. Kxd4 Kf6 63. Re1 Rf4+ 64. Kd5 Rf5+ 65. Kd6 Rf4 66.
c3 Rc4 67. Rf1+ Kg7 68. Rf3 Kg6 69. Kd5 Rc8 70. c4 Rd8+ 71. Ke6 Rc8 72. Rf4 Kg5
73. Rd4 Kg6 74. Rg4+ Kh5 75. Rd4 Kg6 76. Kd7 Rc5 77. Kd6 Rf5 78. c5 Rf6+ 79. Kc7
Rf7+ 80. Rd7 Rf8 81. c6 Rf1 82. Kc8 Kf6 83. c7 Ke6 84. Rd4 Rf2 85. Kb7 Rb2+ 86.
Kc6 Rc2+ 87. Kb6 Rb2+ 88. Kc6 Rc2+ 89. Kb7 Rb2+ 90. Kc8 Ke7 91. Rd7+ Ke8 92. Rd4
Rb1 93. Re4+ Kf7 94. Kd7 Rd1+ 95. Kc6 Rc1+ 96. Kd6 Kf6 97. Re5 Rxc7 98. Re6+ Kf5
99. Kxc7 Kxe6 {Game drawn because neither player has mating material} 1/2-1/2